cohdb
Replays
Latest Replays
All Replays
Popular Replays
Top Player Replays
Match Explorer
How It Works
Community
CoH3 Stats
Reddit
Sign in to upload your games and track your stats! →
Sign in with Steam
Match 42237719
Unlisted
Match 42237719
Overview
Messages
Build Orders
End
Royal Engineer Section
Selects Australian Defense Battlegroup
Selects Australian Light Infantry Section
Australian Light Infantry Section
Vickers Machine Gun Team
Construct Section Command Post
ML 3-inch Mortar Team
Construct Platoon Command Post
Humber Armored Car
Humber Armored Car
Infantry Training
Selects 2-pounder Anti-tank Gun Team
2-pounder Anti-tank Gun Team
Infantry Section
Selects Vehicle Over Repair
Insomniac
-=48th*SmileMan=-
Operation : Valkyrie
zqian
0
0
Comments
sign in to comment!
No comments posted yet!